 Dungeon Crawl Stone Soup version 0.17.1-3-g152610e (webtiles) character file.

371 Hoebsumo the Skirmisher (level 6, -5/85 HPs)
             Began as a Minotaur Berserker on Mar 22, 2016.
             Was a Priest of Trog.
             Killed by divine providence
             ... invoked by an orc priest
              (14 damage)
             ... on level 4 of the Dungeon.
             The game lasted 00:15:57 (3114 turns).

Hoebsumo the Skirmisher (Minotaur Berserker)        Turns: 3114, Time: 00:15:57

Health: -5/85      AC:  6    Str: 28    XL:     6   Next: 42%
Magic:  5/5        EV: 13    Int:  4    God:    Trog [***...]
Gold:   192        SH:  0    Dex: 10    Spells: 0 memorised, 5 levels left

rFire  . . .     SeeInvis .     a - +0 hand axe
rCold  . . .     Clarity  .     j - +0 leather armour
rNeg   . . .     SustAt   .     (no shield)
rPois  .         Gourm    .     (helmet restricted)
rElec  .         Spirit   .     (no cloak)
rCorr  +         Warding  .     q - +2 pair of gloves
rMut   .         Stasis   .     (no boots)
MR     .....                    u - amulet of resist corrosion
Stlth  ..........               (no ring)
                                (no ring)

@: berserking, very quick, not resistant to hostile enchantments, extremely
unstealthy
A: retaliatory headbutt, horns 2
a: Berserk, Trog's Hand, Burn Spellbooks, Renounce Religion


You were on level 4 of the Dungeon.
You worshipped Trog.
Trog was most pleased with you.
You were very hungry.

You visited 1 branch of the dungeon, and saw 4 of its levels.

You collected 192 gold pieces.

Inventory:

Hand Weapons
 a - a +0 hand axe (weapon)
Missiles
 m - 4 large rocks
 n - 19 bolts of flame
Armour
 b - a +0 animal skin
 j - a +0 leather armour (worn)
 q - a +2 pair of gloves (worn)
Jewellery
 u - an amulet of resist corrosion (around neck)
Scrolls
 e - a scroll of fog
 f - a scroll of identify
 i - a scroll of magic mapping
 o - a scroll of noise
Potions
 d - a potion of degeneration {unknown}
 g - 2 potions of curing {unknown}
 k - a potion of poison {unknown}
 l - a potion of invisibility {unknown}
 p - a potion of magic {unknown}
 t - a potion of agility {unknown}
Comestibles
 c - 2 bread rations
 h - a royal jelly


   Skills:
 + Level 5.9 Fighting
 + Level 5.3 Axes
 + Level 3.4 Armour
 + Level 4.3 Dodging
 + Level 0.6 Stealth


You had 5 spell levels left.
You didn't know any spells.

Dungeon Overview and Level Annotations

Branches:
Dungeon (4/15)
 Temple: D:4-7

Altars:
Kikubaaqudgha


Innate Abilities, Weirdness & Mutations

You reflexively headbutt those who attack you in melee.
You have a pair of horns on your head.


Message History

The orc wizard hits you but does no damage.
You bump into the rock wall.
You feel a strong urge to attack something.
You bump into the rock wall.
The orc priest calls down the wrath of Beogh upon you.
Pain shoots through your body!
* * * LOW HITPOINT WARNING * * *
The orc wizard hits you but does no damage.
You miss the orc priest. Your headbutt misses the orc priest.
You miss the orc wizard.
The orc wizard is severely wounded.
The orc priest invokes the aid of Beogh against you.
Something smites you!
* * * LOW HITPOINT WARNING * * *
The orc wizard closely misses you.
You bump into the rock wall.
You feel less confused.
The orc priest calls down the wrath of Beogh upon you.
Something smites you!
You die...

.....#.#.#.#.#.#.#.#..##.###
#.#+#.#.#.#.#.#o#.#...##.#
.#.#.#.#)#.#.#.#.#.#..##.#
#.#.#.#)#.#.#.#.#.#...##.#
.#.#.#.#)#.#.#<#.#.#..#<.#
#.#.#.#.#.#.#o#.#.#...####
.#.#.#.#.#.#.#o#.#.#...
#.#.#.#.#.#.#.#o#$#..##
...............o@##
####.########..### #.# #..#
#.. ....(. #### ####...#
#..... #....## #....#


You could see an orc priest, 2 orc wizards and an orc.

Vanquished Creatures
  An ogre (D:4)
  A jelly (D:4)
  Jessica (D:2)
  A killer bee zombie (D:3)
  8 gnolls
  6 adders
  A worm (D:4)
  9 orcs
  3 ball pythons
  A giant cockroach (D:3)
  4 hobgoblins
  8 jackals
  2 quokkas
  6 bats
  2 giant newts
  8 goblins
  7 kobolds
  5 rats
74 creatures vanquished.

Vanquished Creatures (others)
  A human (D:2)
1 creature vanquished.

Grand Total: 75 creatures vanquished

Notes
Turn   | Place    | Note
--------------------------------------------------------------
     0 | D:1      | Hoebsumo the Minotaur Berserker began the quest for the Orb.
     0 | D:1      | Reached XP level 1. HP: 19/19 MP: 0/0
   500 | D:1      | Reached XP level 2. HP: 25/27 MP: 1/1
   745 | D:1      | Reached skill level 4 in Axes
  1163 | D:2      | Reached XP level 3. HP: 24/33 MP: 2/2
  1235 | D:2      | Found an ancient bone altar of Kikubaaqudgha.
  1237 | D:2      | Noticed a human
  1238 | D:2      | Killed a human
  1421 | D:2      | Noticed Jessica
  1429 | D:2      | Killed Jessica
  1429 | D:2      | Reached XP level 4. HP: 39/41 MP: 3/3
  1750 | D:3      | Reached ** piety under Trog
  1752 | D:3      | Reached skill level 5 in Fighting
  2015 | D:3      | Reached XP level 5. HP: 46/48 MP: 4/4
  2794 | D:4      | Reached skill level 5 in Axes
  2969 | D:4      | Reached XP level 6. HP: 54/56 MP: 5/5
  2995 | D:4      | Noticed an ogre
  3060 | D:4      | Killed an ogre
  3060 | D:4      | Reached *** piety under Trog
  3114 | D:4      | Killed from afar by an orc priest

Action                   |  1- 3 |  4- 6 || total
-------------------------+-------+-------++-------
Melee: Hand axe          |    40 |    98 ||   138
Invok: Berserk           |       |     5 ||     5
  Use: Scroll            |       |     7 ||     7
  Eat: Chunk             |     1 |     1 ||     2
       Pizza             |       |     2 ||     2
       Meat ration       |       |     1 ||     1
